 Dungeon Crawl Stone Soup version 0.31.0-9-g3a7656b989 (webtiles) character file.

Game seed: 9365535024889414476

26 ProzacElf the Ducker (level 3, -3/24 HPs)
             Began as a Merfolk Air Elementalist on Jan 25, 2024.
             Slain by a gnoll
             ... wielding a +0 club
              (5 damage)
             ... on level 1 of the Dungeon.
             The game lasted 00:02:26 (1335 turns).

ProzacElf the Ducker (Merfolk Air Elementalist)     Turns: 1335, Time: 00:02:26

Health: -3/24      AC:  2    Str:  8    XL:     3   Next: 8%
Magic:  0/6        EV: 13    Int: 14    God:
Gold:   58         SH:  0    Dex: 16    Spells: 3/6 levels left

rFire   . . .        a - +0 dagger
rCold   . . .        (no shield)
rNeg    . . .        c - +0 robe
rPois   .            (no helmet)
rElec   .            (no cloak)
rCorr   .            (no gloves)
SInv    .            (no boots)
Will    .....        (no amulet)
Stlth   ++           (no ring)
HPRegen 0.24/turn    (no ring)
MPRegen 0.10/turn

%: no passive effects
@: no status effects
A: (nimble swimmer 2), mertail
a: no special abilities


You were on level 1 of the Dungeon.
You visited 1 branch of the dungeon, and saw 2 of its levels.

You collected 58 gold pieces.

Inventory:

Hand Weapons
 a - a +0 dagger (weapon)
Armour
 c - a +0 robe (worn)
Scrolls
 g - a scroll of identify {unknown}
Potions
 b - a potion of magic
 d - a potion of attraction {unknown}
 e - a potion of berserk rage {unknown}
 f - a potion of invisibility {unknown}
 h - a potion of resistance {unknown}


   Skills:
 + Level 3.7 Dodging
 - Level 2.1 Stealth
 - Level 2.0 Spellcasting
 - Level 1.0 Conjurations
 + Level 2.9 Air Magic


You had 3 spell levels left.
You knew the following spells:

 Your Spells              Type           Power      Damage    Failure   Level
a - Shock                 Conj/Air       24%        1d4       11%         1
b - Static Discharge      Conj/Air       12%        3-4/arc   16%         2

Your spell library contained the following spells:

 Spells                   Type           Power      Damage    Failure   Level
 Swiftness                Air            9%         N/A       22%         3
 Momentum Strike          Conj/Tloc      4%         3d8       28%         2
 Blink                    Tloc           2%         N/A       34%         2
 Lesser Beckoning         Tloc           2%         N/A       34%         2
 Airstrike                Air            4%         2d(1-17)  56%         4


Dungeon Overview and Level Annotations

Branches:
Dungeon (2/15)

Altars:


Innate Abilities, Weirdness & Mutations

((You are very nimble when in or above water. (Stealth+, EV+, Speed+++)))
Your lower body shifts to a powerful aquatic tail in water.


Message History

Press: ? - help, Shift-Dir - straight line, f - gnoll
Aim: a gnoll, wieldin' a +0 club (severely wounded, 69% ta hit) Tha zap hits tha gnoll.
Tha gnoll be almost dead.
Tha gnoll misses ye.
Ye now haf 0/6 mp.
Ye hit tha gnoll but do nay damage.
Tha gnoll be almost dead.
Tha gnoll hits ye but does nay damage.
Ye barely miss tha gnoll.
Tha gnoll be almost dead.
Tha gnoll closely misses ye.
Ye hit tha gnoll but do nay damage.
Tha gnoll be almost dead.
Tha gnoll hits ye wit' a +0 club.
Ye take 4 damage, an' haf 16/24 hp.
Ye barely miss tha gnoll.
Tha gnoll be almost dead.
Tha gnoll closely misses ye.
Ye closely miss tha gnoll.
Tha gnoll be almost dead.
Tha gnoll hits ye wit' a +0 club.
Ye take 5 damage, an' haf 12/24 hp.
MASSIVE DAMAGE!!
Ye hit tha gnoll but do nay damage.
Tha gnoll be almost dead.
Tha gnoll hits ye wit' a +0 club.
* * * LOW HITPOINT WARNIN'
* * * Ye take 6 damage, an' haf 6/24 hp.
MASSIVE DAMAGE!!
Ye hit tha gnoll but do nay damage.
Tha gnoll be almost dead.
Tha gnoll hits ye wit' a +0 club.
* * * LOW HITPOINT WARNIN'
* * * Ye take 5 damage, an' haf 1/24 hp.
MASSIVE DAMAGE!!
Castin': Shock (safe; 11% risk o' failure) Confirm wit' . or Enter, or press ? or * ta list all spells.
Aimin': Shock (safe; 11% risk o' failure)
Press: ? - help, Shift-Dir - straight line, f/p - gnoll
Aim: a gnoll, wieldin' a +0 club (almost dead, 69% ta hit) Tha zap misses tha gnoll.
Tha gnoll hits ye wit' a +0 club.
Ye die...

##.####.#.##..# #.........##.#.
...####.#.##..#####.........##...
........#........#..#############
...........##..#.#..# #.......#
..#.######.....#.#..# #.......#
..#.##..............# #.......#
..#.##.........#..#.# #.......#
..#.##.........#g##.# #.......#
..#.##.........#@##.# #.......#
..#.##.........####.# #.......#
..#.##.........# #.# #.......#
...............# #.# #.......#
###...........## #.# ###...###
####........#####.######...#
#...................#...####
######.####.#######.............#
#.................#.............#


You could see a gnoll.

Vanquished Creatures
  A gnoll (D:1)
  A dart slug (D:1)
  3 endoplasms (D:1)
  3 hobgoblins (D:1)
  2 kobolds (D:1)
  2 quokkas (D:1)
  A ball python (D:1)
  A rat (D:1)
14 creatures vanquished.

Notes
Turn   | Place    | Note
-------+----------+-------------------------------------------
     0 | D:1      | ProzacElf the Merfolk Air Elementalist began the quest for
                  | the Orb.
     0 | D:1      | Reached XP level 1. HP: 13/13 MP: 3/3
   106 | D:1      | Reached skill level 1 in Conjurations
   201 | D:1      | Reached skill level 3 in Dodging
   276 | D:1      | Reached XP level 2. HP: 19/19 MP: 3/5
   300 | D:1      | Learned a level 2 spell: Static Discharge
   909 | D:1      | Reached XP level 3. HP: 24/24 MP: 2/6
  1334 | D:1      | HP: 1/24 [gnoll/+0 club (5)]
  1335 | D:1      | Slain by a gnoll

Illustrated notes

Levels and vault maps discovered:
D:1:      lightli_arrival_statue_moat, layout_basic
D:2:      minmay_wonky_spiral, layout_basic, serial_shops, nicolae_diamond_shop,
          serial_rivers, chequers_serial_rivers_micro_b,
          chequers_serial_rivers_small_a, chequers_serial_rivers_micro_a,
          chequers_serial_rivers_large_b, minmay_stone_trees_small

Skill      XL: |  1 |
---------------+----+-----
Conjurations   | 1 |  1.0
Dodging        | 3 |  3.7
Stealth        | |  2.1
Spellcasting   | |  2.0
Air Magic      | |  2.9

Action                     || total
---------------------------++-------
  Melee: Dagger            ||    11
   Cast: Shock             ||    40
 Armour: Robe              ||     9
  Dodge: Dodged            ||     8

Action                     || total
---------------------------++-------
  Melee: Dagger            ||    11
   Cast: Shock             ||    40
 Armour: Robe              ||     9
  Dodge: Dodged            ||     8

Levels and vault maps discovered:
D:1:      lightli_arrival_statue_moat, layout_basic
D:2:      minmay_wonky_spiral, layout_basic, serial_shops, nicolae_diamond_shop,
          serial_rivers, chequers_serial_rivers_micro_b,
          chequers_serial_rivers_small_a, chequers_serial_rivers_micro_a,
          chequers_serial_rivers_large_b, minmay_stone_trees_small
